 Dungeon Crawl Stone Soup version 0.22-a0-443-g17c3723 (webtiles) character file.

6241 Borgoz the Nimble (level 10, -1/86 HPs)
             Began as a Ghoul Gladiator on May 31, 2018.
             Was a Priest of Lugonu.
             Slain by Erica
             ... wielding a +0 scimitar of flaming
              (3 damage)
             ... on level 10 of the Dungeon on June 1, 2018.
             The game lasted 00:26:22 (11333 turns).

Borgoz the Nimble (Ghoul Gladiator)                Turns: 11333, Time: 00:26:22

Health: -1/86      AC:  9    Str: 19    XL:     10   Next: 93%
Magic:  12/12      EV: 14    Int:  4    God:    Lugonu [***...]
Gold:   720        SH:  0    Dex: 12    Spells: 9/9 levels left

rFire    . . .     SeeInvis .     - Unarmed
rCold    + . .     Gourm    .   (no shield)
rNeg     + + +     Faith    .   v - +0 scale mail
rPois    ∞         Spirit   .   b - +0 helmet
rElec    .         Reflect  .   l - scarf {cloud immunity}
rCorr    .         Harm     .   (no gloves)
MR       .....                  (no boots)
Stlth    +.........             (no amulet)
HPRegen  0.00/turn              t - ring of stealth
MPRegen  0.13/turn              (no ring)

@: rotting
A: rotting body, claws 1, carnivore, cold resistance 1, negative energy
resistance 3, inhibited regeneration, torment resistance, unbreathing
a: Depart the Abyss, Bend Space, Banish, Renounce Religion


You were on level 10 of the Dungeon.
You worshipped Lugonu.
Lugonu was most pleased with you.
You were not hungry.

You visited 3 branches of the dungeon, and saw 12 of its levels.
You also visited: Sewer.

You collected 720 gold pieces.

Inventory:

Missiles
 c - 3 throwing nets (quivered)
Armour
 b - a +0 helmet (worn)
 l - a scarf of cloud immunity (worn)
 n - +0 acid dragon scales
 v - a +0 scale mail (worn)
Jewellery
 t - a ring of stealth (left claw)
Wands
 f - a wand of acid (7)
 g - a wand of digging (11)
 q - a wand of flame (18)
 s - a wand of polymorph (18)
 u - a wand of clouds (7)
 x - a wand of random effects (32)
Scrolls
 h - 5 scrolls of remove curse
 i - a scroll of teleportation
 j - 2 scrolls of amnesia
 p - a scroll of enchant weapon
 r - a scroll of identify
 w - a scroll of enchant armour
 y - a scroll of magic mapping {unknown}
Potions
 a - a potion of flight
 e - 4 potions of curing
 k - 2 potions of brilliance
 m - a potion of haste {unknown}
 o - a potion of cancellation
Comestibles
 d - 18 rations


   Skills:
 + Level 7.1 Fighting
 - Level 1.7 Throwing
 * Level 8.1 Armour
 * Level 8.7 Dodging
 + Level 7.8 Unarmed Combat
 + Level 4.1 Evocations


You had 9 spell levels left.
You didn't know any spells.
Your spell library contained the following spells:

 Spells                   Type           Power        Failure   Level  Hunger
 Magic Dart               Conj           #...         83%         1    ##.....
 Iskenderun's Mystic Bla  Conj           #.......     100%        4    #####..
 Summon Ice Beast         Ice/Summ       #.......     100%        4    #####..
 Call Canine Familiar     Summ           #.......     99%         3    ####...
 Summon Butterflies       Summ           #.......     83%         1    ##.....
 Summon Hydra             Summ           #.........   100%        7    #######
 Fulminant Prism          Conj/Hex       #.........   100%        4    #####..
 Dazzling Spray           Conj/Hex       #.....       99%         3    ####...
 Force Lance              Conj/Tloc      #.......     100%        4    #####..
 Searing Ray              Conj           #.....       92%         2    ###....
 Summon Mana Viper        Hex/Summ       #.......     100%        5    ######.


Dungeon Overview and Level Annotations

Branches:
Dungeon (10/15)            Temple (1/1) D:5            Lair (1/6) D:9
    Orc: D:9-12

Altars:
Ashenzari
Cheibriados
Dithmenos
Elyvilon
Fedhas
Gozag
Hepliaklqana
Kikubaaqudgha
Makhleb
Nemelex Xobeh
Okawaru
Qazlal
Ru
Sif Muna
Trog
Uskayaw
Vehumet
Wu Jian
Xom
Yredelemnul
Zin
The Shining One
Lugonu

Annotations:
D:10 Erica


Innate Abilities, Weirdness & Mutations

Your body is rotting away.
You thrive on raw meat.
You are immune to poison.
You have sharp fingernails.
You are carnivorous and can eat meat at any time.
Your flesh is cold resistant. (rC+)
You are immune to negative energy. (rN+++)
You do not regenerate when monsters are visible.
You are immune to unholy pain and torment.
You can survive without breathing.


Message History

Deactivating autopickup; reactivate with Ctrl-A.
You claw something! Something barely misses you.
You claw something! Something hits you.
* * * LOW HITPOINT WARNING * * *
Something burns you.
* * * LOW HITPOINT WARNING * * *
You miss something.
You hear some strange, mumbled words.
Something tries to affect you, but you resist.
Your scale mail prevents you from hitting something.
You hear some strange, mumbled words.
An orb of energy appears from out of thin air!
The orb of energy hits you!
* * * LOW HITPOINT WARNING * * *
The orb of energy explodes!
You hear a shout!
You feel better. Something hits you!
* * * LOW HITPOINT WARNING * * *
Something burns you.
You die...

###.......................##
##.......................##
........................##
.......................##
.)....................##
.....................##
....................##
................{..##
................@.##
###################


There were no monsters in sight!

Vanquished Creatures
  The ghost of KristoblXynda the Slasher, a novice DrSk of Ashenzari (D:6)
  A moth of wrath (D:5)
  An ice statue (D:8)
  A hippogriff (D:7)
  8 yaks
  A vampire mosquito (D:10)
  Duvessa (D:5)
  3 orc warriors
  An ice beast (D:8)
  A sky beast (D:6)
  A black bear (D:8)
  2 phantoms
  2 ogres
  4 centaurs
  A crocodile (D:9)
  A big kobold (Sewer)
  3 bullfrogs
  Dowan (D:5)
  A wyvern skeleton (D:9)
  A scorpion (D:8)
  12 killer bees
  10 wights
  4 howler monkeys
  3 jellies
  4 orc wizards
  2 hounds
  3 orc priests
  Terence (D:2)
  A centaur skeleton (D:6)
  4 iguanas
  A worker ant (D:6)
  A hound zombie (D:8)
  A hound skeleton (D:6)
  A howler monkey zombie (D:5)
  A howler monkey skeleton (D:8)
  3 gnolls
  2 river rats (Sewer)
  10 adders
  A shadow imp (D:8)
  3 worms (D:3)
  A dart slug (D:1)
  11 leopard geckos
  22 orcs
  7 bats
  6 giant cockroaches
  4 goblins
  8 hobgoblins
  11 jackals
  10 kobolds
  5 quokkas
  9 frilled lizards
  12 rats
210 creatures vanquished.

Vanquished Creatures (others)
  A fungus (D:10)
1 creature vanquished.

Grand Total: 211 creatures vanquished

Notes
Turn   | Place    | Note
-------+----------+-------------------------------------------
     0 | D:1      | Borgoz the Ghoul Gladiator began the quest for the Orb.
     0 | D:1      | Reached XP level 1. HP: 17/17 MP: 0/0
    56 | D:1      | Reached XP level 2. HP: 16/25 MP: 1/1
   347 | D:1      | Reached skill level 1 in Armour
   479 | D:1      | Reached XP level 3. HP: 20/29 MP: 2/2
   980 | D:2      | Noticed Terence
  1003 | D:2      | Killed Terence
  1003 | D:2      | Reached XP level 4. HP: 15/37 MP: 3/3
  1333 | D:2      | Found an iron altar of Okawaru.
  1333 | D:2      | Found a bloodstained altar of Trog.
  1582 | D:3      | Reached XP level 5. HP: 41/45 MP: 4/4
  1788 | D:3      | Found a glowing drain.
  1803 | Sewer    | Entered a sewer
  1878 | Sewer    | Noticed a big kobold
  1925 | Sewer    | Killed a big kobold
  1925 | Sewer    | Reached XP level 6. HP: 40/51 MP: 5/5
  1972 | Sewer    | Found a white marble altar of Elyvilon.
  2514 | D:4      | Found a blossoming altar of Fedhas.
  2522 | D:4      | Found a stormy altar of Qazlal.
  2764 | D:4      | Reached XP level 7. HP: 36/58 MP: 6/6
  3489 | D:5      | Entered Level 5 of the Dungeon
  3726 | D:5      | Noticed Duvessa
  3727 | D:5      | Noticed Dowan
  3743 | D:5      | Killed Duvessa
  3743 | D:5      | Reached skill level 5 in Dodging
  3766 | D:5      | Killed Dowan
  4087 | D:5      | Noticed a two-headed ogre
  4182 | D:6      | Noticed KristoblXynda's ghost (novice DrSk)
  4349 | D:6      | Reached skill level 5 in Unarmed Combat
  4349 | D:6      | Reached XP level 8. HP: 55/66 MP: 7/7
  4427 | D:5      | Noticed a moth of wrath
  4427 | D:5      | a two-headed ogre changed into a moth of wrath
  4439 | D:5      | Killed a moth of wrath
  4439 | D:5      | Reached skill level 5 in Armour
  4736 | D:5      | Found a staircase to the Ecumenical Temple.
  4867 | Temple   | Entered the Ecumenical Temple
  4880 | Temple   | Became a worshipper of Lugonu the Unformed
  4880 | Temple   | Reached * piety under Lugonu
  5964 | D:7      | Reached skill level 5 in Fighting
  5964 | D:7      | Reached skill level 1 in Evocations
  6188 | D:7      | Found a burning altar of Makhleb.
  6189 | D:7      | Found an ornate altar of the Wu Jian Council.
  6189 | D:7      | Found a glowing golden altar of the Shining One.
  6189 | D:7      | Found a radiant altar of Vehumet.
  6189 | D:7      | Found a sparkling altar of Nemelex Xobeh.
  6189 | D:7      | Found a sacrificial altar of Ru.
  6190 | D:7      | Found a shadowy altar of Dithmenos.
  6192 | D:7      | Found a hide-covered altar of Uskayaw.
  6194 | D:7      | Found a white marble altar of Elyvilon.
  6654 | D:8      | Noticed a hippogriff
  6670 | D:7      | Killed a hippogriff
  6670 | D:7      | Reached XP level 9. HP: 32/74 MP: 7/9
  6919 | D:8      | Noticed an ice statue
  6958 | D:8      | Killed an ice statue
  7501 | D:8      | Reached ** piety under Lugonu
  7605 | D:8      | Got a shimmering dagger {pierce}
  7606 | D:8      | Identified the cursed +2 dagger of Disgust {pierce, *Corrode +Fly SInv} (You took it off an orc wizard on level 8 of the Dungeon)
  7833 | D:8      | Reached XP level 10. HP: 74/81 MP: 11/11
  8270 | D:9      | Found a burning altar of Makhleb.
  8430 | D:9      | Found a staircase to the Lair.
  9423 | D:6      | Killed KristoblXynda's ghost
  9911 | D:10     | Entered Level 10 of the Dungeon
 10050 | D:9      | Reached *** piety under Lugonu
 10623 | Lair:1   | Entered Level 1 of the Lair of Beasts
 10981 | Lair:1   | Noticed a spiny frog
 11030 | D:10     | Noticed Erica
 11333 | D:10     | HP: 2/86 [something (13)]
 11333 | D:10     | Slain by Erica

Vault maps used:
D:1:      matt_arrival_grand_opening, minmay_misc_feat_columns,
          minmay_rat_gold_closets
D:2:      gammafunk_temple_overflow_elements, kennysheep_generic_room_14,
          uniq_terence
D:3:      gup_sewer_entry_pipe
D:4:      grunt_temple_overflow_forces_of_nature
D:5:      minmay_temple_entry_overgrown, first_ration, uniq_duvessa
D:7:      minitemple
D:8:      lemuel_ice_statue, grunt_pizzeria
D:9:      lair_entry_dummy, makhleb_heckhound_becter
D:10:     pond, uniq_nergalle, uniq_erica
Temple:   corrupted_temple
Sewer:    sewer_kobolds

Skill      XL: |  1  2  3  4  5  6  7  8  9 10 |
---------------+-------------------------------+-----
Dodging        | 3 4 5 6 7 8 |  8.7
Armour         | 1 2 3 4 5 6 8 |  8.1
Fighting       | 3 4 5 6 7 |  7.1
Unarmed Combat | 4 5 6 7 |  7.8
Evocations     | 1 3 4 |  4.1
Throwing       | |  1.7

Action                   |  1- 3 |  4- 6 |  7- 9 | 10-12 || total
-------------------------+-------+-------+-------+-------++-------
Melee: Unarmed           |   142 |   243 |   365 |   283 ||  1033
       Punch             |     4 |       |    12 |    17 ||    33
Evoke: Wand              |       |       |    19 |     1 ||    20
  Use: Scroll            |       |     5 |    12 |     4 ||    21
       Potion            |       |     2 |     5 |     5 ||    12
 Stab: Sleeping          |       |       |     1 |       ||     1
       Invisible         |       |       |     7 |       ||     7
  Eat: Chunk             |     9 |    27 |    40 |    28 ||   104
Armor: Leather armour    |    46 |    26 |       |       ||    72
       Ring mail         |       |    31 |    27 |       ||    58
       Scale mail        |       |       |   103 |    91 ||   194
Dodge: Dodged            |    96 |   130 |   250 |   181 ||   657

Table legend:
 A = Spawn XP
 B = Non-spawn XP
 C = Spawn XP percentage of total XP
 D = Spawn monster count
 E = Non-spawn monster count
 F = Spawn count percentage of total count
 G = Total turns spent on level
                    A         B        C        D         E        F      G
               +---------+---------+-------+---------+---------+-------+---------
         Total |       0 |    8917 |   0.0 |       0 |     210 |   0.0 | 11333
               +---------+---------+-------+---------+---------+-------+---------
           D:1 |       0 |      57 |   0.0 |       0 |      33 |   0.0 |   888
           D:2 |       0 |      71 |   0.0 |       0 |      15 |   0.0 |   491
           D:3 |       0 |     169 |   0.0 |       0 |      36 |   0.0 |   815
           D:4 |       0 |     353 |   0.0 |       0 |       8 |   0.0 |  1104
           D:5 |       0 |     778 |   0.0 |       0 |      10 |   0.0 |  1450
           D:6 |       0 |    1068 |   0.0 |       0 |      14 |   0.0 |  1154
           D:7 |       0 |     649 |   0.0 |       0 |       9 |   0.0 |  1060
           D:8 |       0 |    2313 |   0.0 |       0 |      36 |   0.0 |  1593
           D:9 |       0 |    2380 |   0.0 |       0 |      27 |   0.0 |  2080
          D:10 |       0 |     759 |   0.0 |       0 |      13 |   0.0 |   354
        Lair:1 |       0 |     193 |   0.0 |       0 |       1 |   0.0 |    68
         Sewer |       0 |     127 |   0.0 |       0 |       8 |   0.0 |   232
               +---------+---------+-------+---------+---------+-------+---------
